 Dungeon Sprint DCSS version 0.24-a0-784-g601f8f6d22 (webtiles) character file.

Game seed: 10602445615723799900, levelgen mode: deterministic

380 IC0N0FSIN the Thrower (level 6, -1/91 HPs)
             Began as a Troll Hunter on Oct 9, 2019.
             Was a High Priest of Wu Jian.
             Succumbed to a gnoll sergeant's poison
             ... in the Dungeon (Sprint VII: "The Pits").
             The game lasted 00:10:27 (458 turns).

IC0N0FSIN the Thrower (Troll Hunter)                 Turns: 458, Time: 00:10:28

Health: -1/91      AC:  6    Str: 28    XL:     6   Next: 46%
Magic:  5/5        EV: 11    Int:  7    God:    Wu Jian [*****.]
Gold:   0          SH:  0    Dex: 10    Spells: 5/5 levels left

rFire    . . .     SeeInvis .     - Unarmed
rCold    . . .     Gourm    +   (no shield)
rNeg     . . .     Faith    .   b - +0 robe
rPois    .         Spirit   .   (helmet restricted)
rElec    .         Reflect  .   (no cloak)
rCorr    .         Harm     .   (gloves unavailable)
MR       .....     NoTele   +   (boots unavailable)
Stlth    ..........             (no amulet)
HPRegen  0.65/turn              (no ring)
MPRegen  0.09/turn              (no ring)

@: berserking (expiring), lethally poisoned (-1 -> -18), very slightly
contaminated, very quick
A: large, unfitting armour, claws 3, fast metabolism 3, gourmand, regeneration
1, shaggy fur 1, tough skin 3
a: Wall Jump, Serpent's Lash, Heavenly Storm, Renounce Religion


You were in the Dungeon.
You worshipped Wu Jian.
Wu Jian was extremely pleased with you.
You were completely stuffed.

You visited 1 branch

Inventory:

Hand Weapons
 a - a +0 short sword
Missiles
 c - 5 large rocks (quivered)
 d - 2 throwing nets
Armour
 b - a +0 robe (worn)
Scrolls
 m - 3 scrolls of remove curse
 n - 5 scrolls of amnesia
Potions
 e - 5 potions of curing
 h - 3 potions of heal wounds
 i - 4 potions of magic
 j - a potion of berserk rage
 l - 2 potions of invisibility
Comestibles
 f - 10 rations
 g - 3 chunks of flesh


   Skills:
 + Level 3.4 Fighting
 + Level 9.6 Throwing
 + Level 4.9 Dodging
 + Level 0.9 Stealth
 + Level 7.0 Unarmed Combat


You had 5 spell levels left.
You didn't know any spells.
Your spell library was empty.

Dungeon Overview and Level Annotations

Branches:
Dungeon (1/1)

Altars:
Ashenzari
Cheibriados
Dithmenos
Elyvilon
Fedhas
Gozag
Hepliaklqana
Kikubaaqudgha
Makhleb
Nemelex Xobeh
Okawaru
Qazlal
Ru
Sif Muna
Trog
Uskayaw
Vehumet
Wu Jian
Xom
Yredelemnul
Zin
The Shining One
Beogh
Jiyva
Lugonu


Innate Abilities, Weirdness & Mutations

You are too large for most types of armour.
You have claws for hands.
Your metabolism is lightning-fast.
You like to eat raw meat.
Your natural rate of healing is unusually fast.
You are covered in fur. (AC +1)
You have extremely tough skin. (AC +3)


Message History

* * * LOW HITPOINT WARNING * * *
You feel sick.
The gnoll sergeant completely misses you.
The iron imp spits at you. The iron imp hits you.
* * * LOW HITPOINT WARNING * * *
You see here a rat corpse.
You are too berserk!
You mangle the gnoll sergeant!! You claw the gnoll sergeant.
You kill the gnoll sergeant!
The Council accepts your kill.
* * * LOW HITPOINT WARNING * * *
You feel sick.
You mangle the gnoll!!
You kill the gnoll!
The Council accepts your kill.
Your Unarmed Combat skill increases to level 7!
* * * LOW HITPOINT WARNING * * *
You feel sick.
You die...

#.#..'..'..#####'####
#g##'####)###.......#
#.#...)....##.......#
#g#........##.......#
#.#####'#####...<...#
#g#...)))[.##.......#
#.#...)))[.##.......#
#g###########.......#
#.)†@...# #########
#.5###..# #... .#
##.## # ... ..# #...
####


You could see an iron imp and a gnoll.

Vanquished Creatures
  A flying skull (D)
  A gnoll sergeant (D)
  A gnoll shaman (D)
  A worker ant (D)
  6 gnolls (D)
  2 adders (D)
  An ufetubus (D)
  2 leopard geckos (D)
  A bat (D)
  2 giant cockroaches (D)
  2 jackals (D)
  A quokka (D)
  A leopard gecko zombie (D)
  A rat (D)
23 creatures vanquished.

Notes
Turn   | Place    | Note
-------+----------+-------------------------------------------
     0 | D        | IC0N0FSIN the Troll Hunter began the quest for the Orb.
     0 | D        | Reached XP level 1. HP: 19/19 MP: 0/0
    32 | D        | Noticed a worker ant
    35 | D        | Killed a worker ant
    35 | D        | Reached skill level 5 in Throwing
    35 | D        | Reached XP level 2. HP: 28/28 MP: 1/1
    50 | D        | Found a bloodstained altar of Trog.
    50 | D        | Found a shimmering blue altar of Sif Muna.
    50 | D        | Found a viscous altar of Jiyva.
    50 | D        | Found a hazy altar of Hepliaklqana.
    50 | D        | Found an opulent altar of Gozag.
    51 | D        | Found a glowing golden altar of the Shining One.
    51 | D        | Found a glowing silver altar of Zin.
    51 | D        | Found a basalt altar of Yredelemnul.
    51 | D        | Found a shimmering altar of Xom.
    51 | D        | Found an ornate altar of the Wu Jian Council.
    51 | D        | Found a sacrificial altar of Ru.
    51 | D        | Found a stormy altar of Qazlal.
    51 | D        | Found an iron altar of Okawaru.
    51 | D        | Found a sparkling altar of Nemelex Xobeh.
    51 | D        | Found a burning altar of Makhleb.
    51 | D        | Found a blossoming altar of Fedhas.
    51 | D        | Found a white marble altar of Elyvilon.
    51 | D        | Found a shadowy altar of Dithmenos.
    51 | D        | Found a snail-covered altar of Cheibriados.
    53 | D        | Found a radiant altar of Vehumet.
    53 | D        | Found a corrupted altar of Lugonu.
    53 | D        | Found a roughly hewn altar of Beogh.
    54 | D        | Found a hide-covered altar of Uskayaw.
    54 | D        | Found an ancient bone altar of Kikubaaqudgha.
    54 | D        | Found a shattered altar of Ashenzari.
    95 | D        | Became a worshipper of the Wu Jian Council
   154 | D        | Reached skill level 6 in Throwing
   154 | D        | Reached XP level 3. HP: 33/35 MP: 2/2
   160 | D        | Reached * piety under Wu Jian
   182 | D        | Reached ** piety under Wu Jian
   208 | D        | Reached skill level 7 in Throwing
   208 | D        | Reached skill level 1 in Unarmed Combat
   208 | D        | Reached XP level 4. HP: 21/42 MP: 3/3
   217 | D        | Reached *** piety under Wu Jian
   233 | D        | Reached skill level 8 in Throwing
   396 | D        | Noticed a gnoll sergeant
   396 | D        | Noticed a cyclops
   413 | D        | Reached **** piety under Wu Jian
   442 | D        | Reached XP level 5. HP: 30/50 MP: 4/4
   442 | D        | Noticed a flying skull
   453 | D        | Killed a flying skull
   453 | D        | Reached ***** piety under Wu Jian
   453 | D        | Reached skill level 9 in Throwing
   453 | D        | Reached XP level 6. HP: 11/61 MP: 5/5
   455 | D        | HP: 3/91 [iron imp (3)]
   457 | D        | HP: 1/91 [poisoned by a gnoll sergeant]
   458 | D        | Succumbed to a gnoll sergeant's poison

Levels and vault maps discovered:
D:        pitsprint [storerooms_1, entrance_room_1, metal_vault_1, armoury_3,
          mini_pit_1, grid_room_1, main_hall_1, silver_pit, the_coven_3,
          the_vestibule_1, steel_vault_5, golden_pit, hallway_of_sentries,
          crystal_vault_2, iron_vault_1, final_vault]

Skill      XL: |  1  2  3  4  5  6 |
---------------+-------------------+-----
Fighting       | 2 3 |  3.4
Throwing       | 5 6 7 8 9 |  9.6
Dodging        | 2 3 4 |  4.9
Unarmed Combat | 1 3 6 7 |  7.0
Stealth        | |  0.9

Action                   |  1- 3 |  4- 6 || total
-------------------------+-------+-------++-------
Melee: Unarmed           |    39 |    42 ||    81
       Punch             |       |     2 ||     2
Throw: Large rock        |     3 |       ||     3
Invok: Lunge             |       |     3 ||     3
       Whirlwind         |       |     1 ||     1
  Use: Potion            |     3 |     4 ||     7
       Scroll            |       |     2 ||     2
  Eat: Chunk             |     1 |     9 ||    10
Armor: Robe              |    13 |    13 ||    26
Dodge: Dodged            |    25 |    18 ||    43

Table legend:
 A = Non-vault XP
 B = Vault XP
 C = Vault XP percentage of total XP
 D = Non-vault monster count
 E = Vault monster count
 F = Vault count percentage of total count
                 A         B        C        D         E       F
            +---------+---------+-------+---------+---------+-------
      Total |       0 |     543 | 100.0 |       0 |      23 | 100.0
            +---------+---------+-------+---------+---------+-------
          D |       0 |     543 | 100.0 |       0 |      23 | 100.0
            +---------+---------+-------+---------+---------+-------
